 Dungeon Crawl Stone Soup version 0.22-a0-772-gac08f70 (webtiles) character file.

478 sking99 the Chopper (level 6, -1/58 HPs)
             Began as a Deep Dwarf Fighter on July 17, 2018.
             Slain by an orc warrior
             ... wielding a +0 long sword
              (14 damage)
             ... on level 4 of the Dungeon.
             The game lasted 00:04:25 (2249 turns).

sking99 the Chopper (Deep Dwarf Fighter)            Turns: 2249, Time: 00:04:26

Health: -1/58      AC:  6    Str: 25    XL:     6   Next: 85%
Magic:  5/5        EV:  7    Int:  8    God:
Gold:   213        SH: 10    Dex: 14    Spells: 5/5 levels left

rFire    . . .     SeeInvis .   a - +1 war axe
rCold    . . .     Gourm    .   c - +0 shield
rNeg     . . .     Faith    .   b - +0 scale mail
rPois    .         Spirit   .   (no helmet)
rElec    .         Reflect  .   (no cloak)
rCorr    .         Harm     .   (no gloves)
MR       .....                  (no boots)
Stlth    ..........             (no amulet)
HPRegen  0.00/turn              (no ring)
MPRegen  0.09/turn              (no ring)

@: mighty, non-regenerating
A: damage resistance, heal wounds, sense surroundings 1, no regeneration
a: Heal Wounds


You were on level 4 of the Dungeon.
You were not hungry.

You visited 1 branch of the dungeon, and saw 4 of its levels.

You collected 255 gold pieces.
You spent 42 gold pieces at shops.

Inventory:

Hand Weapons
 a - a +1 war axe (weapon)
Armour
 b - a +0 scale mail (worn)
 c - a +0 shield (worn)
Jewellery
 q - an uncursed ring of ice
 u - an uncursed amulet of harm {unknown}
Wands
 m - a wand of flame (24)
 p - a wand of random effects (30)
 t - a wand of iceblast (6)
Scrolls
 e - a scroll of teleportation
 g - 3 scrolls of remove curse
 i - a scroll of fear
 o - a scroll of enchant weapon
 s - 3 scrolls of fog
Potions
 h - a potion of invisibility
 k - 2 potions of flight
 l - a potion of haste
 n - 5 potions of curing
 r - a potion of mutation
 v - a potion of heal wounds
Comestibles
 f - 8 rations
 j - 5 chunks of flesh


   Skills:
 + Level 4.5 Fighting
 * Level 6.8 Axes
 - Level 3.2 Armour
 - Level 3.2 Shields


You had 5 spell levels left.
You didn't know any spells.
Your spell library contained the following spells:

 Spells                   Type           Power        Failure   Level  Hunger
 Spider Form              Tmut/Pois      #.........   100%        3    ####...
 Blade Hands              Tmut           #.........   100%        5    ######.
 Ice Form                 Ice/Tmut       #.......     100%        4    #####..
 Sticks to Snakes         Tmut           #.......     100%        2    ###....
 Beastly Appendage        Tmut           #.....       99%         1    ##.....


Dungeon Overview and Level Annotations

Branches:
Dungeon (4/15)
 Temple: D:4-7

Altars:

Shops:
D:4 ?[*


Innate Abilities, Weirdness & Mutations

You are resistant to damage.
You can heal yourself by infusing magical energy.
You passively map a small area around you.
You do not regenerate.


Message History

You feel very mighty all of a sudden.
The orc warrior hits you with a long sword!!
You hit the orc warrior but do no damage.
An orc priest comes into view. It is wielding a short sword.
The orc warrior hits you with a long sword.
You barely miss the orc warrior.
The orc priest shouts!
The orc warrior hits you with a long sword!!
* * * LOW HITPOINT WARNING * * *
An orc wizard comes into view. It is wielding a dagger.
Your shield and scale mail prevent you from hitting the orc warrior.
The orc wizard gestures wildly while chanting.
The orc wizard seems to speed up.
The orc warrior hits you with a long sword.
You slice the orc warrior!!
The orc warrior is severely wounded.
You slash the orc!
You kill the orc!
The orc warrior hits you with a long sword!
You die...

* ######### #.......#
## #.......# #.
#.......### #.
#.........##### #.
#...o@..#.....#######.
<
####o####..##.##......
** #. , #...#.##.###..
, .. , ##..#.##.#...#
, ##o, ...#.##'#.###
#., *##.#......### ..,
, [#......... #. *
##.....#### , *, ,
#.....####


You could see an orc warrior, an orc wizard and an orc.

Vanquished Creatures
  A phantom (D:4)
  2 bullfrog skeletons (D:4)
  A hound (D:4)
  An orc wizard (D:4)
  An orc priest (D:3)
  Ijyb (D:3)
  2 iguanas (D:4)
  A worker ant (D:4)
  5 adders (D:2)
  2 worms
  A leopard gecko (D:2)
  19 orcs
  2 giant cockroaches
  5 goblins
  7 hobgoblins
  2 jackals (D:3)
  9 kobolds
  2 quokkas
  5 bats
  3 frilled lizards
  8 rats
80 creatures vanquished.

Notes
Turn   | Place    | Note
-------+----------+-------------------------------------------
     0 | D:1      | sking99 the Deep Dwarf Fighter began the quest for the Orb.
     0 | D:1      | Reached XP level 1. HP: 20/20 MP: 1/1
   188 | D:1      | Reached XP level 2. HP: 24/27 MP: 2/2
   396 | D:1      | Reached skill level 3 in Axes
   649 | D:2      | Reached XP level 3. HP: 28/34 MP: 3/3
   793 | D:2      | Reached skill level 4 in Axes
   962 | D:2      | Reached XP level 4. HP: 24/42 MP: 4/4
  1276 | D:3      | Noticed Ijyb
  1303 | D:3      | Killed Ijyb
  1322 | D:3      | Reached XP level 5. HP: 29/49 MP: 5/5
  1350 | D:3      | Reached skill level 5 in Axes
  1885 | D:4      | Noticed a phantom
  1918 | D:4      | Reached XP level 6. HP: 34/57 MP: 5/5
  1949 | D:4      | Found Tezariobb's Magic Scroll Boutique.
  1950 | D:4      | Reached skill level 6 in Axes
  2057 | D:4      | Found Nitenarr's General Store.
  2071 | D:4      | Bought a scroll of fear for 42 gold pieces
  2181 | D:4      | Found Coets's Armour Emporium.
  2238 | D:4      | Noticed an orc warrior
  2249 | D:4      | Slain by an orc warrior

Vault maps used:
D:1:      matt_arrival_los_fun, minmay_crystal_room, minivault_14,
          minmay_misc_feat_iff
D:2:      serial_bayou, serial_bayou_crossing, serial_bayou_pond_c,
          serial_bayou_pond_d, serial_bayou_shore_a, first_ration
D:3:      columned_hall_lemuel, uniq_ijyb
D:4:      minmay_temple_entry_statues, serial_shops, shop, shop_coins,
          nicolae_shop_stone

Skill      XL: |  1  2  3  4  5  6 |
---------------+-------------------+-----
Axes           | 3 4 5 6 |  6.8
Fighting       | 3 4 |  4.5
Armour         | |  3.2
Shields        | |  3.2

Action                   |  1- 3 |  4- 6 || total
-------------------------+-------+-------++-------
Melee: War axe           |    92 |   194 ||   286
 Abil: Heal Wounds       |       |     5 ||     5
  Use: Scroll            |       |    11 ||    11
       Potion            |       |     1 ||     1
  Eat: Chunk             |       |     5 ||     5
Armor: Scale mail        |    47 |    52 ||    99
Dodge: Dodged            |    36 |    36 ||    72
Block: Shield            |    57 |    85 ||   142

Table legend:
 A = Spawn XP
 B = Non-spawn XP
 C = Spawn XP percentage of total XP
 D = Spawn monster count
 E = Non-spawn monster count
 F = Spawn count percentage of total count
 G = Total turns spent on level
                    A         B        C        D         E        F      G
               +---------+---------+-------+---------+---------+-------+---------
         Total |       0 |     683 |   0.0 |       0 |      80 |   0.0 |  2249
               +---------+---------+-------+---------+---------+-------+---------
           D:1 |       0 |      27 |   0.0 |       0 |      16 |   0.0 |   603
           D:2 |       0 |     102 |   0.0 |       0 |      24 |   0.0 |   636
           D:3 |       0 |     135 |   0.0 |       0 |      26 |   0.0 |   566
           D:4 |       0 |     419 |   0.0 |       0 |      14 |   0.0 |   444
               +---------+---------+-------+---------+---------+-------+---------
